[Event "42nd Olympiad Baku 2016 Women"]
[Site "Baku"]
[Date "2016.09.04"]
[Round "3.21"]
[White "Latreche, Sabrina"]
[Black "Mirza, Diana"]
[Result "1/2-1/2"]
[ECO "A04"]
[WhiteElo "2059"]
[BlackElo "1948"]
[Annotator ""]
[PlyCount "110"]
[EventDate "2016.??.??"]
[EventCountry "AZE"]
[SourceTitle "playchess.com"]
[Source "ChessBase"]
[WhiteTeam "Algeria"]
[BlackTeam "Ireland"]
[WhiteTeamCountry "ALG"]
[BlackTeamCountry "IRL"]
[TimeControl "40/5400+30:1800+30"]

1. Nf3 {(00:00)} c5 {(00:51)} 2. g3 {(00:00)} Nc6 {
(01:55)} 3. Bg2 {(00:00)} g6 {(02:17)} 4. O-O {(00:
00)} Bg7 {(00:16)} 5. d3 {(00:02)} e5 {(03:54)} 6. e4 {
(00:06)} Nge7 {(00:06)} 7. c3 {(00:04)} d6 {(00:17]
} 8. a3 {(00:06)} a5 {(02:58)} 9. a4 {(00:36)} O-O {
(00:21)} 10. Na3 {(00:20)} h6 {(04:50)} 11. Nb5 {(
02:47)} d5 {(02:58)} 12. Nd2 {(01:44)} Be6 {(07:20)} 13.
exd5 {(02:46)} Bxd5 {(00:17)} 14. Ne4 {(00:11)} b6 {
(00:56)} 15. Ned6 {(04:22)} Bxg2 {(02:40)} 16. Kxg2 {
(00:06)} Qd7 {(01:41)} 17. Qe2 {(05:58)} Nf5 {(06:
03)} 18. Nc4 {(06:12)} Rab8 {(02:56)} 19. f4 {(07:49)}
exf4 {(07:01)} 20. Bxf4 {(00:21)} Rbe8 {(02:09)} 21. Qf3 {
(04:27)} Ne5 {(04:30)} 22. Bxe5 {(02:26)} Bxe5 {(
01:27)} 23. Nxb6 {(00:31)} Qd8 {(00:49)} 24. Nc4 {(01:11)}
Qg5 {(01:30)} 25. Kh3 {(06:16)} Bb8 {(06:47)} 26. Rae1 {
(01:31)} h5 {(00:29)} 27. Re4 {(02:33)} Kg7 {(07:
16)} 28. Rfe1 {(04:33)} Rd8 {(01:00)} 29. R1e2 {(13:51)}
Rd5 {(04:41)} 30. Re8 {(04:05)} Rd8 {(02:45)} 31. Rxf8 {
(04:29)} Kxf8 {(02:15)} 32. Ne5 {(02:02)} Bxe5 {(
13:31)} 33. Rxe5 {(00:06)} Qd2 {(04:01)} 34. Qc6 {(18:12)}
Qxd3 {(01:31)} 35. Qxc5+ {(00:15)} Kg7 {(00:09)} 36. Qf2 {
(02:06)} h4 {(00:26)} 37. Kg2 {(03:44)} hxg3 {(00:
49)} 38. hxg3 {(00:05)} Qd1 {(00:03)} 39. Re2 {(01:24)}
Qxa4 {(00:18)} 40. Qc5 {(00:00)} Qg4 {(00:00)} 41. Qe5+ {
(02:14)} Kg8 {(01:32)} 42. Nd4 {(07:23)} Nxd4 {(03:
29)} 43. cxd4 {(00:05)} Qxd4 {(02:08)} 44. Qxa5 {(00:07)}
Qd5+ {(00:24)} 45. Qxd5 {(00:07)} Rxd5 {(00:09)} 46. Re8+
{(00:14)} Kg7 {(00:12)} 47. Rb8 {(00:04)} Kf6 {(03:
09)} 48. Kf3 {(00:27)} Ke6 {(00:27)} 49. Rb6+ {(01:15)}
Ke5 {(01:09)} 50. Ke3 {(00:32)} g5 {(00:42)} 51. Rb8 {
(07:13)} f5 {(01:47)} 52. Re8+ {(01:01)} Kf6 {(00:
13)} 53. Rf8+ {(00:28)} Ke5 {(00:25)} 54. Re8+ {(00:46)}
Kf6 {(00:07)} 55. Rf8+ {(00:06)} Ke5 {(01:19)} 1/2-1/2

[Event "42nd Olympiad Baku 2016 Women"]
[Site "Baku"]
[Date "2016.09.04"]
[Round "3.6"]
[White "Laubscher, Anzel"]
[Black "Zengeni, Tatenda Melisa"]
[Result "1-0"]
[ECO "D60"]
[WhiteElo "1814"]
[BlackElo "1649"]
[Annotator ""]
[PlyCount "109"]
[EventDate "2016.??.??"]
[EventCountry "AZE"]
[SourceTitle "playchess.com"]
[Source "ChessBase"]
[WhiteTeam "South Africa"]
[BlackTeam "Zimbabwe"]
[WhiteTeamCountry "RSA"]
[BlackTeamCountry "ZIM"]
[TimeControl "40/5400+30:1800+30"]

1. d4 {(00:00)} Nf6 {(00:00)} 2. c4 {(00:00)} e6 {(
00:00)} 3. Nf3 {(00:00)} d5 {(00:03)} 4. Nc3 {(00:07)} Be7
{(00:56)} 5. Bg5 {(00:52)} Nbd7 {(00:52)} 6. e3 {(
00:16)} O-O {(00:35)} 7. Bd3 {(01:28)} Re8 {(04:06)} 8.
O-O {(01:23)} c6 {(02:00)} 9. h3 {(01:25)} Bf8 {(
01:08)} 10. Qc2 {(06:10)} g6 {(00:34)} 11. e4 {(02:13)}
dxe4 {(00:45)} 12. Nxe4 {(00:22)} Bg7 {(00:46)} 13. Nd6 {
(02:54)} Rf8 {(03:04)} 14. Ne5 {(06:26)} Qc7 {(01:
21)} 15. c5 {(05:34)} Nd5 {(04:28)} 16. Qe2 {(08:42)} N7f6
{(17:30)} 17. a3 {(03:43)} Ne8 {(03:45)} 18. Nexf7 {
(11:05)} Nxd6 {(01:21)} 19. Nxd6 {(00:09)} Bxd4 {(
01:43)} 20. Bh6 {(04:53)} Bxc5 {(11:24)} 21. Bxf8 {(03:43]
} Bxd6 {(03:01)} 22. Bxd6 {(00:21)} Qxd6 {(00:23)} 23.
Rad1 {(01:15)} Bd7 {(03:55)} 24. Rfe1 {(02:27)} Rf8 {
(02:01)} 25. Be4 {(03:21)} Qf4 {(02:49)} 26. Bxd5 {
(01:51)} exd5 {(00:30)} 27. Qe3 {(02:14)} b6 {(05:
24)} 28. Qxf4 {(00:29)} Rxf4 {(00:08)} 29. Re7 {(01:04)}
Rf7 {(00:29)} 30. Rde1 {(01:14)} Kf8 {(00:15)} 31. Rxf7+ {
(01:14)} Kxf7 {(00:07)} 32. b4 {(02:15)} c5 {(03:
23)} 33. bxc5 {(01:20)} bxc5 {(00:04)} 34. Re5 {(01:36)}
Bc6 {(01:44)} 35. f4 {(01:33)} c4 {(02:29)} 36. Kf2 {
(01:58)} c3 {(11:07)} 37. Ke3 {(02:37)} d4+ {(06:
48)} 38. Kxd4 {(04:03)} Bxg2 {(00:10)} 39. h4 {(00:27)} c2
{(02:07)} 40. Rc5 {(00:00)} a6 {(00:00)} 41. Rxc2 {
(01:26)} Bf1 {(05:49)} 42. Ke5 {(00:25)} Kg7 {(01:
24)} 43. Rc5 {(02:23)} Bd3 {(09:26)} 44. a4 {(00:51)} Kh6
{(04:40)} 45. Kd6 {(03:02)} Bf5 {(01:33)} 46. Ra5 {
(01:59)} Kh5 {(02:03)} 47. Rxa6 {(00:36)} Kxh4 {(
00:08)} 48. Ke5 {(01:32)} Kg4 {(01:15)} 49. Rd6 {(01:57)}
h5 {(01:14)} 50. a5 {(00:48)} Kf3 {(01:01)} 51. a6 {
(02:45)} Be4 {(00:21)} 52. a7 {(00:31)} h4 {(00:45]
} 53. Rxg6 {(01:38)} Bxg6 {(02:22)} 54. a8=Q+ {(00:29)}
Kf2 {(03:02)} 55. Qh1 1-0

[Event "42nd Olympiad Baku 2016 Women"]
[Site "Baku"]
[Date "2016.09.04"]
[Round "3.2"]
[White "Lazarne Vajda, Szidonia"]
[Black "Yildiz, Betul Cemre"]
[Result "1-0"]
[ECO "C48"]
[WhiteElo "2372"]
[BlackElo "2369"]
[Annotator ""]
[PlyCount "81"]
[EventDate "2016.??.??"]
[EventCountry "AZE"]
[SourceTitle "playchess.com"]
[Source "ChessBase"]
[WhiteTeam "Hungary"]
[BlackTeam "Turkey"]
[WhiteTeamCountry "HUN"]
[BlackTeamCountry "TUR"]
[TimeControl "40/5400+30:1800+30"]

1. e4 {(00:00)} e5 {(00:00)} 2. Nf3 {(00:01)} Nc6 {
(00:00)} 3. Nc3 {(00:22)} Nf6 {(00:00)} 4. Bb5 {(
00:28)} Bd6 {(00:16)} 5. d3 {(01:01)} h6 {(02:03)} 6. a3 {
(01:52)} a6 {(03:02)} 7. Ba4 {(01:28)} b5 {(07:53)}
8. Bb3 {(00:09)} Bb7 {(00:08)} 9. Nd5 {(04:13)} Nd4 {
(12:51)} 10. Nxd4 {(04:41)} exd4 {(00:26)} 11. Nxf6+ {
(01:02)} Qxf6 {(00:07)} 12. O-O {(00:16)} Bf4 {(05:
21)} 13. Bxf4 {(08:44)} Qxf4 {(00:07)} 14. Qh5 {(00:48)}
d6 {(04:53)} 15. a4 {(06:13)} g6 {(12:11)} 16. Qh3 {
(01:06)} b4 {(00:17)} 17. Qg3 {(08:27)} Qf6 {(03:
09)} 18. f4 {(05:48)} O-O-O {(03:59)} 19. Rae1 {(04:06)}
d5 {(07:21)} 20. exd5 {(09:01)} Bxd5 {(02:53)} 21. Re5 {
(00:17)} Qc6 {(04:21)} 22. Rfe1 {(04:43)} Kb8 {(04:
21)} 23. h3 {(03:31)} Rd6 {(07:28)} 24. Qf2 {(06:16)} Rhd8
{(01:49)} 25. Qd2 {(02:04)} a5 {(02:13)} 26. Kh2 {(
06:48)} f6 {(01:36)} 27. Bxd5 {(03:32)} Rxd5 {(00:04)} 28.
Rxd5 {(00:17)} Rxd5 {(00:57)} 29. b3 {(00:35)} Rc5 {
(04:14)} 30. Re2 {(00:06)} g5 {(01:50)} 31. fxg5 {(
03:34)} hxg5 {(01:31)} 32. Kg1 {(00:57)} Kb7 {(02:04)} 33.
Kh1 {(01:18)} Rf5 {(02:49)} 34. Qe1 {(01:36)} Rc5 {
(02:43)} 35. Qf2 {(01:37)} Qd7 {(01:33)} 36. Qxf6 {
(06:06)} Rf5 {(00:30)} 37. Qg6 {(00:08)} Qd5 {(00:
51)} 38. Kg1 {(00:51)} Qc5 {(00:30)} 39. Re8 {(01:56)} Rf4
{(00:34)} 40. Qe6 {(00:00)} Qxc2 {(00:00)} 41. Qd5+ {
(06:52)} 1-0

[Event "42nd Olympiad Baku 2016 Women"]
[Site "Baku"]
[Date "2016.09.04"]
[Round "3.22"]
[White "Lee, Seyeon"]
[Black "Barbier, Wiebke"]
[Result "1-0"]
[ECO "B07"]
[WhiteElo "1577"]
[BlackElo "2008"]
[Annotator ""]
[PlyCount "141"]
[EventDate "2016.??.??"]
[EventCountry "AZE"]
[SourceTitle "playchess.com"]
[Source "ChessBase"]
[WhiteTeam "Korea"]
[BlackTeam "Belgium"]
[WhiteTeamCountry "KOR"]
[BlackTeamCountry "BEL"]
[TimeControl "40/5400+30:1800+30"]

1. e4 {(00:00)} d6 {(00:00)} 2. d4 {(00:02)} Nf6 {(
00:00)} 3. Nc3 {(00:22)} e5 {(00:00)} 4. dxe5 {(03:08)}
dxe5 {(00:00)} 5. Qxd8+ {(04:43)} Kxd8 {(01:15)} 6. Bg5 {
(04:49)} c6 {(00:20)} 7. O-O-O+ {(04:21)} Ke8 {(00:
39)} 8. f3 {(04:36)} Be6 {(03:03)} 9. Be3 {(04:21)} Nbd7 {
(05:07)} 10. Nge2 {(04:50)} b5 {(03:06)} 11. Ng3 {(
05:07)} g6 {(05:50)} 12. Be2 {(05:07)} a5 {(06:08)} 13. a4
{(08:52)} b4 {(02:49)} 14. Nb1 {(01:00)} Nc5 {(04:
39)} 15. Bxc5 {(09:13)} Bxc5 {(00:15)} 16. Nd2 {(01:08)}
Nd7 {(06:08)} 17. Bc4 {(10:22)} Ke7 {(02:59)} 18. Bxe6 {
(02:05)} Kxe6 {(01:30)} 19. Nb3 {(03:44)} Be7 {(01:
02)} 20. Nd2 {(03:06)} Nb6 {(01:26)} 21. b3 {(00:17)} Rhd8
{(01:21)} 22. Ne2 {(02:51)} c5 {(09:00)} 23. c3 {(
03:32)} Bg5 {(13:14)} 24. Kc2 {(01:39)} Rd7 {(01:10)} 25.
Nb1 {(01:01)} Rad8 {(03:18)} 26. Rxd7 {(02:20)} Rxd7 {
(00:37)} 27. Rd1 {(01:54)} Nc4 {(05:59)} 28. Rxd7 {
(02:56)} Ne3+ {(00:09)} 29. Kd3 {(00:23)} Kxd7 {(
00:14)} 30. h4 {(00:47)} Bh6 {(02:13)} 31. g3 {(03:59)}
Kc6 {(06:25)} 32. cxb4 {(00:37)} cxb4 {(00:22)} 33. Nd2 {
(01:05)} Ng2 {(00:13)} 34. Ng1 {(00:51)} Be3 {(06:
50)} 35. Nh3 {(00:24)} Bxd2 {(04:14)} 36. Kxd2 {(00:04)}
Kc5 {(00:10)} 37. Ng5 {(01:16)} f5 {(01:25)} 38. exf5 {
(00:45)} gxf5 {(00:09)} 39. Nxh7 {(00:16)} f4 {(02:
04)} 40. g4 {(00:00)} Nxh4 {(00:00)} 41. Ng5 {(01:41)} Kd4
{(04:33)} 42. Ne6+ {(03:10)} Kd5 {(00:22)} 43. Ng5 {
(00:40)} Ng6 {(06:49)} 44. Kd3 {(02:55)} Nf8 {(06:
47)} 45. Ne4 {(08:52)} Nd7 {(09:19)} 46. g5 {(04:29)} Nf8
{(01:35)} 47. Nf6+ {(00:51)} Ke6 {(02:47)} 48. Ke4 {
(01:15)} Ng6 {(00:47)} 49. Ng4 {(01:17)} Kd6 {(02:
15)} 50. Nf2 {(03:00)} Ne7 {(01:54)} 51. Nd3 {(02:38)} Nc6
{(00:44)} 52. g6 {(00:20)} Ke6 {(00:17)} 53. g7 {(
00:20)} Ne7 {(00:47)} 54. Nxe5 {(00:41)} Ng8 {(00:06)} 55.
Nc4 {(00:22)} Nf6+ {(00:13)} 56. Kxf4 {(00:18)} Nh5+ {
(00:05)} 57. Ke4 {(00:18)} Nxg7 {(00:11)} 58. Nxa5 {
(00:06)} Kd7 {(00:26)} 59. Nc4 {(00:20)} Ne6 {(00:
11)} 60. Ne5+ {(00:17)} Kd6 {(00:34)} 61. Nd3 {(00:13)}
Ng5+ {(00:52)} 62. Ke3 {(00:13)} Ne6 {(01:10)} 63. f4 {
(00:25)} Ke7 {(01:35)} 64. f5 {(00:37)} Ng7 {(00:
06)} 65. Ke4 {(00:33)} Kf6 {(00:19)} 66. Nxb4 {(00:14)}
Nxf5 {(00:10)} 67. a5 {(00:29)} Nd6+ {(00:21)} 68. Kd5 {
(00:12)} Nb5 {(00:15)} 69. a6 {(00:11)} Kf5 {(00:
15)} 70. Kc5 {(00:39)} Na7 {(00:31)} 71. Nc6 {(00:12)} 1-0

[Event "42nd Olympiad Baku 2016 Women"]
[Site "Baku"]
[Date "2016.09.04"]
[Round "3.32"]
[White "Leon Sandoval, Johan"]
[Black "Partac, Elena"]
[Result "0-1"]
[ECO "A25"]
[WhiteElo "1703"]
[BlackElo "2086"]
[Annotator ""]
[PlyCount "42"]
[EventDate "2016.??.??"]
[EventCountry "AZE"]
[SourceTitle "playchess.com"]
[Source "ChessBase"]
[WhiteTeam "Nicaragua"]
[BlackTeam "Moldova"]
[WhiteTeamCountry "NCA"]
[BlackTeamCountry "MDA"]
[TimeControl "40/5400+30:1800+30"]

1. c4 {(00:00)} e5 {(00:00)} 2. Nc3 {(00:00)} Nc6 {
(00:00)} 3. g3 {(00:21)} g6 {(00:00)} 4. Bg2 {(00:
04)} Bg7 {(00:00)} 5. Nf3 {(00:11)} d6 {(01:00)} 6. O-O {
(00:29)} Nge7 {(00:12)} 7. d3 {(00:46)} O-O {(00:
06)} 8. Rb1 {(02:41)} f5 {(00:09)} 9. Bd2 {(00:30)} h6 {
(01:08)} 10. b4 {(01:04)} g5 {(09:14)} 11. e3 {(03:
38)} Ng6 {(01:58)} 12. b5 {(01:56)} Nce7 {(00:05)} 13. Ne2
{(04:06)} f4 {(05:00)} 14. exf4 {(06:13)} exf4 {(
15:51)} 15. h3 {(06:07)} Ne5 {(05:53)} 16. gxf4 {(11:37)}
Nxf3+ {(01:42)} 17. Bxf3 {(01:11)} Bxh3 {(02:15)} 18. Bg2
{(02:40)} Bxg2 {(03:51)} 19. Kxg2 {(00:08)} Ng6 {(
04:29)} 20. fxg5 {(15:46)} hxg5 {(10:27)} 21. Ng3 {(02:21]
} Nf4+ {(08:03)} 0-1

[Event "42nd Olympiad Baku 2016 Women"]
[Site "Baku"]
[Date "2016.09.04"]
[Round "3.24"]
[White "Leonardi, Caterina"]
[Black "Dorozhkina, Mariya"]
[Result "1-0"]
[ECO "E65"]
[WhiteElo "2024"]
[BlackElo "1595"]
[Annotator ""]
[PlyCount "49"]
[EventDate "2016.??.??"]
[EventCountry "AZE"]
[SourceTitle "playchess.com"]
[Source "ChessBase"]
[WhiteTeam "SLO"]
[BlackTeam "IPCA"]
[WhiteTeamCountry "SLO"]
[BlackTeamCountry "RUS"]
[TimeControl "40/5400+30:1800+30"]

1. Nf3 {(00:00)} c5 {(00:22)} 2. g3 {(00:51)} Nf6 {
(01:49)} 3. Bg2 {(02:18)} g6 {(01:46)} 4. O-O {(01:
13)} Bg7 {(01:17)} 5. c4 {(00:49)} O-O {(00:46)} 6. d4 {
(01:18)} d6 {(04:02)} 7. Nc3 {(01:28)} Nbd7 {(02:
06)} 8. e3 {(01:30)} a6 {(03:44)} 9. a3 {(07:34)} Rb8 {
(03:50)} 10. b4 {(00:54)} b5 {(03:19)} 11. cxb5 {(
06:28)} axb5 {(00:50)} 12. Rb1 {(11:17)} cxb4 {(08:56)}
13. Rxb4 {(01:56)} Ba6 {(04:23)} 14. e4 {(02:32)} Qc7 {
(10:06)} 15. Bb2 {(01:59)} Rfc8 {(19:09)} 16. e5 {(
03:39)} dxe5 {(07:04)} 17. dxe5 {(00:38)} Nxe5 {(07:21)}
18. Nxe5 {(00:22)} Qxe5 {(00:09)} 19. Nd5 {(00:25)} Qd6 {
(01:40)} 20. Nxf6+ {(00:18)} Bxf6 {(04:04)} 21. Qxd6 {
(00:07)} exd6 {(00:31)} 22. Bxf6 {(00:07)} Re8 {(
02:27)} 23. Rd1 {(02:34)} Re6 {(01:49)} 24. Bb2 {(00:21)}
Rd8 {(01:32)} 25. Bc6 {(02:15)} 1-0

[Event "42nd Olympiad Baku 2016 Women"]
[Site "Baku"]
[Date "2016.09.04"]
[Round "3.11"]
[White "Linares Napoles, Oleiny"]
[Black "Batyte, Daiva"]
[Result "1/2-1/2"]
[ECO "A05"]
[WhiteElo "2276"]
[BlackElo "2189"]
[Annotator ""]
[PlyCount "121"]
[EventDate "2016.??.??"]
[EventCountry "AZE"]
[SourceTitle "playchess.com"]
[Source "ChessBase"]
[WhiteTeam "Cuba"]
[BlackTeam "Lithuania"]
[WhiteTeamCountry "CUB"]
[BlackTeamCountry "LTU"]
[TimeControl "40/5400+30:1800+30"]

1. Nf3 {(00:00)} Nf6 {(00:00)} 2. b3 {(00:11)} b6 {
(02:33)} 3. Bb2 {(00:43)} Bb7 {(00:39)} 4. g3 {(00:
51)} g6 {(00:45)} 5. Bg2 {(01:41)} Bg7 {(00:07)} 6. O-O {
(00:15)} O-O {(00:06)} 7. c4 {(00:11)} c5 {(02:07)}
8. Nc3 {(01:31)} Nc6 {(02:13)} 9. d4 {(03:04)} cxd4 {
(04:25)} 10. Nxd4 {(00:40)} Rc8 {(01:40)} 11. Qd2 {
(07:14)} Ba8 {(04:33)} 12. Nf3 {(02:01)} d6 {(06:
11)} 13. Rfe1 {(02:21)} Nd7 {(07:32)} 14. Rad1 {(21:27)}
Nc5 {(12:36)} 15. Nd5 {(15:37)} e5 {(11:14)} 16. Qc2 {
(20:11)} Ne6 {(02:27)} 17. Qb1 {(01:22)} Re8 {(01:
50)} 18. Nd2 {(00:58)} f5 {(02:42)} 19. Nf1 Qd7 {(03:21)}
20. Rd2 {(02:58)} Qf7 {(00:42)} 21. f4 {(04:45)} Nc5 {
(02:45)} 22. Rdd1 {(02:14)} Nd4 {(03:11)} 23. e3 {(
02:44)} Nde6 {(01:03)} 24. Qa1 {(01:01)} Ne4 {(04:58)} 25.
Nd2 {(03:34)} N6c5 {(00:19)} 26. Nf3 {(00:16)} exf4 {
(06:41)} 27. exf4 {(00:36)} Bxb2 {(01:16)} 28. Qxb2 {
(00:05)} Bxd5 {(00:20)} 29. Rxd5 {(00:30)} b5 {(02:
29)} 30. Nd2 {(02:51)} bxc4 {(03:10)} 31. bxc4 {(00:13)}
Na4 {(01:06)} 32. Qa1 {(00:55)} Nb6 {(00:33)} 33. Rd4 {
(01:40)} Nxd2 {(00:26)} 34. Rxd2 {(00:20)} Qxc4 {(
01:51)} 35. Red1 {(00:37)} Re2 {(01:10)} 36. Bf1 {(01:43)}
Qc5+ {(00:14)} 37. Rd4 {(00:15)} Re4 {(01:14)} 38. Kg2 {
(00:21)} d5 {(00:55)} 39. R4d2 {(00:13)} Nc4 {(00:
49)} 40. Bxc4 {(00:00)} dxc4 {(00:00)} 41. Qc3 {(12:51)}
Rce8 {(08:06)} 42. Rd7 {(04:41)} R4e7 {(02:57)} 43. Rxe7 {
(05:36)} Qc6+ {(01:11)} 44. Kh3 {(00:19)} Rxe7 {(
00:23)} 45. Rd8+ {(00:12)} Re8 {(03:41)} 46. Rxe8+ {(00:
08)} Qxe8 {(00:07)} 47. Qxc4+ {(00:03)} Qf7 {(00:19)} 48.
Qc8+ {(00:54)} Kg7 {(00:18)} 49. a4 {(01:51)} g5 {(
01:47)} 50. Qc3+ {(01:32)} Kh6 {(03:46)} 51. fxg5+ {(00:
20)} Kxg5 {(00:24)} 52. Qd2+ {(00:21)} Kg6 {(01:31)} 53.
a5 {(00:28)} Qc7 {(01:20)} 54. Kh4 {(02:20)} h6 {(
00:55)} 55. Qd5 {(00:43)} Qe7+ {(01:08)} 56. Kh3 {(00:03)}
Qe2 {(02:24)} 57. Qg8+ {(00:44)} Kf6 {(00:29)} 58. Qf8+ {
(00:13)} Kg6 {(00:14)} 59. Qg8+ {(00:05)} Kf6 {(00:
10)} 60. Qf8+ {(00:13)} Kg6 {(00:08)} 61. Qg8+ {(00:13)}
1/2-1/2

[Event "42nd Olympiad Baku 2016 Women"]
[Site "Baku"]
[Date "2016.09.04"]
[Round "3.2"]
[White "Lomandong Noela-Joyce"]
[Black "Varela La Madrid, Tilsia Carolina"]
[Result "0-1"]
[ECO "A05"]
[WhiteElo "1763"]
[BlackElo "2035"]
[Annotator ""]
[PlyCount "152"]
[EventDate "2016.??.??"]
[EventCountry "AZE"]
[SourceTitle "playchess.com"]
[Source "ChessBase"]
[WhiteTeam "Monaco"]
[BlackTeam "Venezuela"]
[WhiteTeamCountry "MNC"]
[BlackTeamCountry "VEN"]
[TimeControl "40/5400+30:1800+30"]

1. Nf3 {(00:00)} Nf6 {(00:00)} 2. c4 {(00:00)} g6 {
(00:04)} 3. Nc3 {(00:00)} Bg7 {(00:06)} 4. e4 {(00:
50)} d6 {(00:13)} 5. g3 {(01:00)} c5 {(00:21)} 6. Bg2 {
(00:14)} Nc6 {(00:06)} 7. O-O {(02:17)} O-O {(00:
11)} 8. d3 {(02:40)} a6 {(03:32)} 9. Nh4 {(06:29)} e5 {
(02:49)} 10. f4 {(00:52)} exf4 {(00:18)} 11. Bxf4 {
(01:22)} Ng4 {(00:28)} 12. Nf3 {(01:27)} Nd4 {(00:
12)} 13. h3 {(06:28)} Nxf3+ {(00:10)} 14. Qxf3 {(00:06)}
Ne5 {(01:28)} 15. Qe2 {(06:35)} Be6 {(01:04)} 16. a4 {
(08:05)} Qd7 {(02:46)} 17. Kh2 {(00:25)} f5 {(01:
39)} 18. Nd5 {(07:40)} Rae8 {(00:33)} 19. Qc2 {(07:55)} h6
{(06:01)} 20. Ne3 {(06:19)} fxe4 {(03:41)} 21. dxe4 {
(00:21)} Nc6 {(04:31)} 22. Qd1 {(08:50)} Nd4 {(00:
36)} 23. Nd5 {(03:14)} Bxd5 {(00:17)} 24. cxd5 {(01:55)}
g5 {(00:26)} 25. Bd2 {(00:27)} Rxf1 {(00:27)} 26. Qxf1 {
(00:31)} Nb3 {(00:52)} 27. Rd1 {(00:04)} Qxa4 {(00:
42)} 28. Bc3 {(03:27)} Nd4 {(02:23)} 29. Qd3 {(04:31)} Qc2
{(02:16)} 30. b4 {(03:39)} Qxd3 {(00:46)} 31. Rxd3 {
(00:02)} b6 {(01:41)} 32. bxc5 {(02:51)} bxc5 {(00:
07)} 33. Bxd4 {(00:57)} Bxd4 {(00:16)} 34. Ra3 {(00:37)}
Ra8 {(00:08)} 35. Bf1 {(01:32)} a5 {(00:15)} 36. Bc4 {
(02:39)} Kg7 {(00:31)} 37. Kg2 {(04:19)} Kf6 {(01:
24)} 38. Rf3+ {(01:40)} Ke5 {(01:57)} 39. Bd3 {(00:19)}
Bb2 {(00:11)} 40. Kf2 {(00:00)} Kd4 {(00:00)} 41. Bb1 {
(05:41)} a4 {(02:13)} 42. Rd3+ {(00:07)} Ke5 {(00:
08)} 43. Rf3 {(00:05)} a3 {(00:06)} 44. Ke3 {(00:12)} Bd4+
{(01:59)} 45. Kd3 {(00:47)} c4+ {(00:06)} 46. Kxc4 {
(00:46)} Rc8+ {(00:08)} 47. Kb3 {(01:35)} Rb8+ {(
00:06)} 48. Kc2 {(02:51)} Kxe4 {(06:06)} 49. Rxa3 {(00:12]
} Kxd5 {(01:40)} 50. Ra5+ {(13:42)} Bc5 {(00:14)} 51. Ra4
{(02:20)} Rf8 {(00:11)} 52. Ba2+ {(00:25)} Ke5 {(
00:20)} 53. h4 {(01:21)} Rf2+ {(00:16)} 54. Kb1 {(01:07)}
Rg2 {(01:53)} 55. hxg5 {(00:45)} hxg5 {(00:06)} 56. g4 {
(00:05)} Rd2 {(01:51)} 57. Bg8 {(02:11)} d5 {(00:
39)} 58. Bh7 {(02:15)} Be3 {(00:57)} 59. Bf5 {(03:00)} d4
{(00:50)} 60. Ra2 {(00:26)} Rd1+ {(00:06)} 61. Kc2 {
(00:15)} Rf1 {(00:49)} 62. Kd3 {(00:33)} Rg1 {(03:
06)} 63. Rh2 {(03:11)} Kf4 {(00:17)} 64. Ra2 {(00:54)} Rg3
{(01:16)} 65. Kc4 {(00:30)} Bg1 {(02:46)} 66. Rc2 {
(01:06)} Ra3 {(03:02)} 67. Rc1 {(00:59)} Bf2 {(00:
55)} 68. Rd1 {(02:25)} Rc3+ {(01:11)} 69. Kd5 {(00:25)}
Kf3 {(01:38)} 70. Ke5 {(01:25)} Ke2 {(00:24)} 71. Rxd4 {
(00:39)} Bxd4+ {(00:07)} 72. Kxd4 {(00:03)} Re3 {(
02:59)} 73. Bc8 {(00:44)} Kf2 {(00:17)} 74. Bf5 {(00:06)}
Re8 {(00:20)} 75. Kd5 {(00:14)} Kg3 {(00:14)} 76. Kd4 {
(00:05)} Kf4 {(00:20)} 0-1

[Event "42nd Olympiad Baku 2016 Women"]
[Site "Baku"]
[Date "2016.09.04"]
[Round "3.25"]
[White "Lu, Rachel"]
[Black "Blackman, Katrina"]
[Result "1-0"]
[ECO "C06"]
[WhiteElo "1671"]
[BlackElo "1642"]
[Annotator ""]
[PlyCount "79"]
[EventDate "2016.??.??"]
[EventCountry "AZE"]
[SourceTitle "playchess.com"]
[Source "ChessBase"]
[WhiteTeam "Hong Kong"]
[BlackTeam "Barbados"]
[WhiteTeamCountry "HKG"]
[BlackTeamCountry "BAR"]
[TimeControl "40/5400+30:1800+30"]

1. e4 {(00:00)} e6 {(00:00)} 2. d4 {(00:00)} d5 {(
00:00)} 3. Nd2 {(00:00)} Nf6 {(00:00)} 4. e5 {(00:00)}
Nfd7 {(00:00)} 5. Bd3 {(00:07)} c5 {(00:00)} 6. c3 {
(00:05)} Nc6 {(00:00)} 7. Ne2 {(00:18)} cxd4 {(00:
18)} 8. cxd4 {(00:16)} f6 {(02:06)} 9. exf6 {(00:10)} Nxf6
{(00:06)} 10. Nf3 {(02:08)} Bd6 {(01:22)} 11. O-O {
(00:47)} O-O {(00:08)} 12. a3 {(03:56)} Ne7 {(27:
21)} 13. Bg5 {(11:19)} Bd7 {(19:31)} 14. Rc1 {(03:18)} Be8
{(03:29)} 15. Nf4 {(08:49)} Bxf4 {(00:17)} 16. Bxf4 {
(00:08)} Ne4 {(05:00)} 17. Bc7 {(09:01)} Qd7 {(08:
18)} 18. Ne5 {(01:03)} Qa4 {(00:15)} 19. Bxe4 {(04:06)}
dxe4 {(02:19)} 20. Bd6 {(04:14)} Qxd1 {(03:41)} 21. Rfxd1
{(00:36)} Ba4 {(00:30)} 22. Re1 {(09:56)} Rfe8 {(
00:22)} 23. Bxe7 {(03:01)} Rxe7 {(00:13)} 24. Rxe4 {(00:
18)} Bb3 {(01:30)} 25. Re3 {(01:17)} Bd5 {(00:16)} 26. Nd3
{(01:12)} Rf8 {(01:40)} 27. Nb4 {(01:13)} Rd7 {(02:
19)} 28. Re5 {(08:06)} Bb3 {(03:45)} 29. Re3 {(00:00)} Bd5
{(01:37)} 30. h3 {(00:59)} Rf4 {(09:16)} 31. Nxd5 {
(03:10)} exd5 {(01:54)} 32. Rd3 {(00:32)} Re4 {(03:
13)} 33. Kf1 {(00:19)} Rde7 {(00:20)} 34. Rd2 {(01:26)} b6
{(01:05)} 35. f3 {(00:36)} R4e6 {(01:11)} 36. Rdc2 {
(01:04)} Kf7 {(00:40)} 37. Kf2 {(01:04)} h6 {(00:
24)} 38. b4 {(03:32)} Re3 {(01:55)} 39. Rc3 {(00:00)} Re2+
{(00:00)} 40. Kf1 {(00:00)} 1-0